 Dungeon Crawl Stone Soup version 0.28-a0-1227-ga9037bb4c8 (webtiles) character file.

Game seed: 5819233540113961491

5 Anathary the Ducker (level 1, -1/10 HPs)
             Began as a Felid Berserker on Dec 22, 2021.
             Was a Follower of Trog.
             Killed from afar by a dart slug (3 damage)
             ... with a slug dart
             ... on level 1 of the Dungeon.
             The game lasted 00:00:44 (95 turns).

Anathary the Ducker (Felid Berserker)                 Turns: 95, Time: 00:00:45

Health: -1/10      AC:  1    Str: 13    XL:     1   Next: 66%
Magic:  2/2        EV: 18    Int:  8    God:    Trog [*.....]
Gold:   10         SH:  0    Dex: 15    Spells: 0/0 levels left
                                        Lives:  0   Deaths: 0

rFire   . . .      SeeInvis +     - Unarmed
rCold   . . .      Faith    .   (shield unavailable)
rNeg    . . .      Spirit   .   (armour unavailable)
rPois   .          Reflect  .   (helmet unavailable)
rElec   .          Harm     .   (cloak unavailable)
rCorr   .          Rampage  .   (gloves unavailable)
Will    .....                   (boots unavailable)
Stlth   +.........              (no amulet)
HPRegen 0.03/turn               (no ring)
MPRegen 0.08/turn               (no ring)

@: quick
A: very small, claws 1, fangs 3, see invisible, speed 1, shaggy fur 1, stealthy
paws, no weapons or thrown items, no armour, multi-lived
a: Renounce Religion, Berserk


You were on level 1 of the Dungeon.
You worshipped Trog.
Trog was aware of your devotion.
You visited 1 branch of the dungeon, and saw 1 of its levels.

You collected 10 gold pieces.

You aren't carrying anything.


   Skills:
 + Level 3.1 Fighting
 + Level 4.1 Dodging
 + Level 3.1 Unarmed Combat


You couldn't memorise any spells.
You didn't know any spells.
Your spell library was empty.

Dungeon Overview and Level Annotations

Branches:
Dungeon (1/15)

Altars:


Innate Abilities, Weirdness & Mutations

You have sharp claws.
You have razor-sharp teeth.
You have supernaturally acute eyesight. (SInv)
You cover ground quickly. (Speed+)
You are covered in fur. (AC +1)
Your paws help you pounce on unaware monsters.
You are incapable of wielding weapons or throwing items.
You cannot wear armour.
You gain extra lives every three experience levels.


Message History

An endoplasm comes into view.
The kobold misses you.
You closely miss the kobold. You bite the kobold, but do no damage.
The kobold barely misses you.
You closely miss the kobold. The kobold hits you with a +0 dagger.
You closely miss the kobold. You claw the kobold.
The kobold is moderately wounded.
The bat barely misses you. The kobold misses you.
You closely miss the kobold.
The kobold is moderately wounded.
The bat hits you.
You closely miss the kobold.
The kobold is moderately wounded.
The bat closely misses you. The kobold completely misses you.
You barely miss the bat. The bat completely misses you.
The kobold hits you with a +0 dagger.
* * * LOW HITPOINT WARNING * * *
You scratch the kobold.
You kill the kobold!
Trog accepts your kill. The bat barely misses you. The bat misses you.
Things that are here:
a +0 dagger; a kobold corpse You scratch the bat.
You kill the bat!
Trog accepts your kill.
You start resting.
An endoplasm is nearby!
Things that are here:
a +0 dagger; a kobold corpse
Found a chain mail.
An endoplasm is nearby!
Found a bubbling dark potion.
An endoplasm is nearby!
Found a stone staircase leading down.
A dart slug comes into view.
The dart slug launches a dart at you. The slug dart hits you.
You die...

#............#
....#######.............
................#.....).
.......................
.w.....!.............†
#....................
#..>......J..#.......
#............#.......
#...@........#.......
#######+######.......
#######. ##


You could see a dart slug and an endoplasm.

Vanquished Creatures
  A quokka (D:1)
  2 bats (D:1)
  2 frilled lizards (D:1)
  2 kobolds (D:1)
7 creatures vanquished.

Notes
Turn   | Place    | Note
-------+----------+-------------------------------------------
     0 | D:1      | Anathary the Felid Berserker began the quest for the Orb.
     0 | D:1      | Reached XP level 1. HP: 10/10 MP: 2/2
    95 | D:1      | Killed from afar by a dart slug

Illustrated notes

Levels and vault maps discovered:
D:1:      dpeg_arrival_erosion, layout_basic

Action                   || total
-------------------------++-------
Melee: Unarmed           ||    18
       Punch             ||     3
       Bite              ||     1
Armor: Skin              ||     1
Dodge: Dodged            ||    15

Table legend: (Time is in decaauts)
 A = Elapsed time spent in this place.
 B = Non-inter-level travel time spent in this place.
 C = Inter-level travel time spent in this place.
 D = Time resting spent in this place.
 E = Time spent auto-exploring this place.
 F = Levels seen in this place.
 G = Mean time per level.
                   A        B        C        D        E       F      G
               +--------+--------+--------+--------+--------+-----+--------+
         Total |     81 |     81 |      0 |      9 |      0 |   1 |   81.0 |
       Dungeon |     81 |     81 |      0 |      9 |      0 |   1 |   81.0 |
               +--------+--------+--------+--------+--------+-----+--------+

Top non-repeatable levels by time:
     D:1: 81 daAuts
